 Dungeon Crawl Stone Soup version 0.25.1-2-g60ff931df9 (webtiles) character file.

Game seed: 14546864996156107798

21 jt the Chopper (level 2, -7/24 HPs)
             Began as a Mummy Chaos Knight on Aug 22, 2020.
             Was a Plaything of Xom.
             Mangled by a mana viper (shapeshifter) (14 damage)
             ... on level 1 of the Dungeon.
             The game lasted 00:01:42 (404 turns).

jt the Chopper (Mummy Chaos Knight)                  Turns: 404, Time: 00:01:43

Health: -7/24      AC:  5    Str: 15    XL:     2   Next: 62%
Magic:  2/2        EV: 11    Int: 11    God:    Xom [..*...]
Gold:   27         SH:  0    Dex: 11    Spells: 1/1 levels left

rFire    x . .     SeeInvis .   a - +0 hand axe (chaos)
rCold    + . .     Gourm    .   (no shield)
rNeg     + + +     Faith    .   b - +2 leather armour
rPois    ∞         Spirit   .   (no helmet)
rElec    .         Reflect  .   (no cloak)
rCorr    .         Harm     .   (no gloves)
MR       .....                  (no boots)
Stlth    +.........             (no amulet)
HPRegen  0.08/turn              (no ring)
MPRegen  0.08/turn              (no ring)

@: no status effects
A: no food or potions, fire vulnerability, cold resistance 1, negative energy
resistance 3, torment resistance, unbreathing
a: Renounce Religion


You were on level 1 of the Dungeon.
You worshipped Xom.
You were a toy of Xom.
You were not hungry.

You visited 1 branch of the dungeon, and saw 1 of its levels.

You collected 27 gold pieces.

Inventory:

Hand Weapons
 a - a +0 hand axe of chaos (weapon)
Missiles
 c - 35 stones (quivered)
 g - 18 arrows
Armour
 b - a +2 leather armour (worn)
 i - a +0 plate armour
Jewellery
 e - a +6 ring of strength {unknown}
Scrolls
 d - a scroll of enchant armour
 f - 2 scrolls of remove curse


   Skills:
 - Level 3.0 Fighting
 + Level 3.3 Axes
 - Level 1.5 Armour
 - Level 0.7 Dodging


You had one spell level left.
You didn't know any spells.
Your spell library was empty.

Dungeon Overview and Level Annotations

Branches:
Dungeon (1/15)

Altars:


Innate Abilities, Weirdness & Mutations

You do not eat or drink.
Your flesh is vulnerable to fire.
You are immune to poison.
Your flesh is cold resistant. (rC+)
You are immune to negative energy. (rN+++)
You are immune to unholy pain and torment.
You can survive without breathing.


Message History

The harpoon shot hits you.
* * * LOW HITPOINT WARNING * * *
You are yanked forward by the harpoon shot.
The swamp worm barely misses you.
Your toxic aura wanes.
The swamp worm changes into a mana viper!
Press: ? - help, v - describe, . - travel
Here: a mana viper shaped shifter (lightly wounded)
The floor.
As you read the scroll labeled LAFFULU ZEEPN, it crumbles to dust.
It is a scroll of identify.
d - a scroll of enchant armour Xom is amused.
Unknown command.
You barely miss the mana viper.
The mana viper is lightly wounded.
The mana viper barely misses you. The mana viper bites you!
Ouch! That really hurt!
You die...
Xom chortles!

#..........#
#....!.....#
#.)........#
#..........#
#.†..[.....#
#..........#
#..........#
#..S.......#
#.@.....?..#
#..........#
#..........#
#..........#
#..........#
#..........#
############


You could see a mana viper shaped shifter.

Vanquished Creatures
  3 bats (D:1)
  3 goblins (D:1)
  3 hobgoblins (D:1)
  7 frilled lizards (D:1)
  2 kobolds (D:1)
  4 rats (D:1)
22 creatures vanquished.

Vanquished Creatures (collateral kills)
  A bat (D:1)
  A goblin (D:1)
2 creatures vanquished.

Grand Total: 24 creatures vanquished

Notes
Turn   | Place    | Note
-------+----------+-------------------------------------------
     0 | D:1      | jt the Mummy Chaos Knight began the quest for the Orb.
     0 | D:1      | Reached XP level 1. HP: 18/18 MP: 1/1
   219 | D:1      | XOM: divination: detect creatures
   236 | D:1      | Reached XP level 2. HP: 23/24 MP: 2/2
   259 | D:1      | XOM: silly message
   367 | D:1      | Noticed a shapeshifter
   367 | D:1      | a goblin changed into a shapeshifter
   367 | D:1      | XOM: enchant monster (good)
   399 | D:1      | XOM: cast spell 'Olgreb's Toxic Radiance'
   401 | D:1      | Noticed a mana viper
   401 | D:1      | a swamp worm changed into a mana viper
   404 | D:1      | Mangled by a mana viper (shapeshifter)

Illustrated notes

Levels and vault maps discovered:
D:1:      kennysheep_arrival_forest, layout_basic, minmay_lizard_pond

Skill      XL: |  1  2 |
---------------+-------+-----
Axes           | 3 |  3.3
Fighting       | |  3.0
Armour         | |  1.5
Dodging        | |  0.7

Action                   || total
-------------------------++-------
Melee: Hand axe          ||    41
  Use: Scroll            ||     2
 Stab: Paralysed         ||     1
Armor: Leather armour    ||    22
Dodge: Dodged            ||    33
